 Dungeon Crawl Stone Soup version 0.20.1-1-g8b1a95d (webtiles) character file.

169675 Megalobster the Devastator (level 17, -25/100 HPs)
             Began as a Deep Elf Conjurer on July 19, 2017.
             Was the Champion of Vehumet.
             Killed from afar by a deep elf knight (34 damage)
             ... with a shard of ice
             ... on level 2 of the Orcish Mines on July 20, 2017.
             The game lasted 04:38:33 (44940 turns).

Megalobster the Devastator (Deep Elf Conjurer)     Turns: 44940, Time: 04:38:34

Health: -25/100    AC: 15    Str: 10    XL:     17   Next: 35%
Magic:  10/46      EV: 20    Int: 28    God:    Vehumet [******]
Gold:   217        SH: 13    Dex: 17    Spells: 6/45 levels left

rFire    . . .     SeeInvis .   j - +3 hunting sling of the Wolf {velocity, MR+ Str+5}
rCold    . . .     Gourm    .   m - +3 warlock's mirror {reflect}
rNeg     . . .     Faith    .   w - +2 robe {MR+}
rPois    .         Spirit   .   Z - +2 helmet
rElec    .         Reflect  +   q - +0 cloak
rCorr    .         Harm     .   g - +0 pair of gloves
MR       +++..                  p - +0 pair of boots of Ziomoul {Dex+2}
Stlth    +++.......             C - +3 amulet of reflection
Regen    0.3/turn               e - ring of magical power
MPRegen  0.3/turn               G - +4 ring of protection

@: very slightly contaminated
A: no striking features
a: Renounce Religion


You were on level 2 of the Orcish Mines.
You worshipped Vehumet.
Vehumet was exalted by your worship.
You were not hungry.

You visited 6 branches of the dungeon, and saw 28 of its levels.
You also visited: Ice Cave.

You collected 2962 gold pieces.
You spent 2745 gold pieces at shops.

Inventory:

Hand Weapons
 a - the +3 hand crossbow "Narampinn" {velocity, rPois}
   (You found it on level 11 of the Dungeon)

   Any bolt fired from it inflicts extra damage.
   It protects you from poison.
 j - the +3 hunting sling of the Wolf (weapon) {velocity, MR+ Str+5}
   (You found it on level 10 of the Dungeon)

   Any stone fired from it inflicts extra damage.
   It affects your strength (+5).
   It affects your resistance to hostile enchantments.
Armour
 g - a +0 pair of gloves (worn)
 m - the +3 warlock's mirror (worn) {reflect}
   (You bought it in a shop on level 2 of the Orcish Mines)
 p - the +0 pair of boots of Ziomoul (worn) {Dex+2}
   (You bought it in a shop on level 1 of the Snake Pit)

   It affects your dexterity (+2).
 q - a +0 cloak (worn)
 v - the +1 robe "Rojueh" {rElec Regen+ rCorr}
   (You found it in an ice cave)

   It insulates you from electricity.
   It increases your rate of regeneration.
   It protects you from acid and corrosion.
 w - a +2 robe of magic resistance (worn)
 I - a +1 robe of the Archmagi
 Z - a +2 helmet (worn)
Magical Staves
 b - an uncursed staff of fire
Jewellery
 e - a ring of magical power (left hand)
 C - a +3 amulet of reflection (around neck)
 G - a +4 ring of protection (right hand)
 H - the ring "Maalacka" {rN+ Str+6 Slay+2 SInv}
   (You found it on level 6 of the Lair of Beasts)

   [ring of see invisible]

   It affects your strength (+6).
   It affects your accuracy and damage with ranged weapons and melee attacks
   (+2).
   It protects you from negative energy.
   It lets you see invisible.
Wands
 B - a wand of acid (10/15)
 Q - a wand of iceblast (15/15)
 V - a wand of digging (11/24)
Scrolls
 f - 5 scrolls of blinking
 h - 2 scrolls of fog
 n - 4 scrolls of fear
 t - 7 scrolls of remove curse
 A - 3 scrolls of identify
 O - 15 scrolls of teleportation
Potions
 i - 2 potions of brilliance
 s - 8 potions of heal wounds
 x - 5 potions of cancellation
 D - 9 potions of curing
 F - 6 potions of lignification
 K - a potion of resistance
 L - 2 potions of magic
 N - 3 potions of ambrosia
 U - a potion of agility
 X - 6 potions of flight
Miscellaneous
 o - a lamp of fire
 Y - a phial of floods
Comestibles
 c - 2 chunks of flesh
 d - 5 royal jellies
 u - 4 fruits


   Skills:
 * Level 9.1 Fighting
 - Level 5.3 Armour
 + Level 10.9 Dodging
 - Level 5.2 Stealth
 - Level 10.2 Shields
 + Level 14.5 Spellcasting
 * Level 16.7 Conjurations
 - Level 4.4 Hexes
 - Level 3.1 Translocations
 * Level 13.7 Fire Magic
 + Level 5.9 Earth Magic
 - Level 9.5 Evocations


You had 6 spell levels left.
You knew the following spells:

 Your Spells              Type           Power        Failure   Level  Hunger
a - Sandblast             Erth           ######       1%          1    None
b - Ignition              Fire           #######...   16%         8    #######
c - Iskenderun's Mystic   Conj           #######.     1%          4    None
d - Fulminant Prism       Conj/Hex       ######....   1%          4    None
e - Force Lance           Conj/Tloc      ######..     1%          4    None
f - Flame Tongue          Conj/Fire      #####        0%          1    None
g - Fireball              Conj/Fire      #######...   1%          5    None
h - Bolt of Fire          Conj/Fire      #######...   1%          6    ####...
i - Blink                 Tloc           N/A          1%          2    None
j - Summon Butterflies    Summ           ###.....     2%          1    None
k - Conjure Flame         Conj/Fire      #######.     0%          3    None


Dungeon Overview and Level Annotations

Branches:
Dungeon (14/15)            Temple (1/1) D:6            Lair (6/6) D:9
  Swamp (0/4) Lair:3        Snake (4/4) Lair:3        Slime (0/5) Lair:6
    Orc (2/2) D:12            Elf (1/3) Orc:2        Vaults (0/5) D:14

Altars:
Ashenzari
Cheibriados
Elyvilon
Gozag
Kikubaaqudgha
Makhleb
Nemelex Xobeh
Qazlal
Ru
Sif Muna
Trog
Vehumet
Zin
The Shining One
Beogh

Shops:
Orc:1 !   Orc:2 ([(   Snake:1 *

Annotations:
Snake:1 exclusion: Roxanne, Roxanne
Snake:4 CalmDownMonkey's ghost, adept MfGl


Message History

Something hits you but does no damage. Something hits you.
* * * LOW HITPOINT WARNING * * *
Casting: Force Lance
Confirm with . or Enter, or press ? or * to list all spells.
You blink.
A deep elf knight appears from thin air!
Reactivating autopickup.
The deep elf knight hits you with a long sword!!
* * * LOW HITPOINT WARNING * * *
The deep elf knight casts a spell.
The deep elf knight flickers and vanishes!
Deactivating autopickup; reactivate with Ctrl-A.
Blink to where?
Press: ? - help, Dir - move target cursor
As you read the scroll of blinking, it crumbles to dust.
You hear some strange, mumbled words.
A shard of ice appears from out of thin air!
The shard of ice hits you!
You die...

........∩.#.#....................
..∩...#..........................
....####..#.#..........#.....))..
##### #....#.#..........#........
##.........................
###...#...................
##............###§........#
#............## ##.........
##........@.## #...#......
##..........## ##.###.....
#............# ####.#....
##....#..##.## #....#..
##..#...#### #.....#. ####.<.#
###...... ###.## ##........
##....# #....##.#. #....##
##.#####..


There were no monsters in sight!

Vanquished Creatures
  Vashnia (Snake:2)
  Frances (Snake:1)
  4 nagarajas
  A frost giant (IceCv)
  A stone giant (Orc:1)
  A dire elephant (Lair:6)
  The ghost of adept the Protected, a journeyman GrBe of Trog (Lair:2)
  Snorg (Lair:4)
  4 ogre magi
  15 naga warriors
  3 centaur warriors
  6 hydras
  12 anacondas
  A catoblepas (Lair:6)
  3 dancing weapons
  13 two-headed ogres
  A deep troll shaman (Lair:6)
  12 death yaks
  An orc high priest (Orc:2)
  2 tengu warriors (D:14)
  Urug (D:10)
  5 shock serpents
  12 naga sharpshooters
  A deep elf knight (Elf:1)
  Sonja (Lair:4)
  Nergalle (Lair:1)
  2 skeletal warriors (D:14)
  2 deep trolls (Orc:1)
  An unseen horror (D:11)
  A glowing orange brain (D:14)
  A deep elf archer (Elf:1)
  4 deep elf magi
  3 naga ritualists
  An orc knight (Orc:1)
  4 oklob plants (Lair:4)
  A salamander (shapeshifter) (D:14)
  9 ugly things
  8 mana vipers
  An orc sorcerer (Orc:2)
  6 salamanders
  2 manticores (D:14)
  2 cyclopes
  4 guardian serpents
  An ice statue (IceCv)
  25 black mambas
  11 elephants
  13 naga magi
  A gargoyle (D:14)
  17 spiny frogs
  4 rime drakes
  7 komodo dragons
  A tengu conjurer (D:14)
  A yaktaur (D:14)
  A merfolk (D:14)
  23 polar bears
  13 trolls
  A meliai (shapeshifter) (D:14)
  2 hornets
  2 slime creatures (Lair:6)
  5 dream sheep (Lair:5)
  4 blink frogs
  14 hippogriffs
  2 shadows
  4 wraiths
  A water elemental (Elf:1)
  5 wyverns
  A vampire (D:14)
  An air elemental (Elf:1)
  69 yaks
  A fire elemental (Elf:1)
  A steam dragon (D:12)
  6 basilisks
  4 hungry ghosts
  4 vampire mosquitoes (D:14)
  Menkaure (D:7)
  37 nagas
  A soldier ant (D:12)
  8 porcupines
  A warg (Orc:2)
  2 acid dragons
  14 water moccasins
  9 ice beasts
  2 sky beasts
  30 ogres
  22 orc warriors
  An eye of draining (D:14)
  A black bear (D:4)
  26 wolves
  2 necrophages
  11 centaurs
  13 crocodiles
  A big kobold (D:8)
  20 bullfrogs
  9 scorpions
  5 killer bees (D:10)
  9 wights
  4 electric eels
  9 howler monkeys
  6 crimson imps
  8 orc priests
  12 hounds
  5 jellies
  20 orc wizards
  3 centaur skeletons
  A bullfrog skeleton (D:9)
  4 iguanas
  13 worker ants
  A killer bee zombie (D:3)
  A hound zombie (D:11)
  9 gnolls
  A howler monkey skeleton (D:5)
  16 adders
  An adder zombie (D:5)
  3 adder skeletons
  2 worms
  2 dart slugs (D:2)
  5 leopard geckos
  103 orcs
  4 giant cockroaches
  10 goblins
  10 hobgoblins
  7 jackals
  14 kobolds
  13 quokkas
  8 bats
  8 frilled lizards
  A leopard gecko skeleton (D:9)
  5 rats
  4 plants
940 creatures vanquished.

Vanquished Creatures (others)
  A cyclops (D:14)
  119 fulminant prisms
  15 fungi
  42 plants
177 creatures vanquished.

Grand Total: 1117 creatures vanquished

Notes
Turn   | Place    | Note
-------+----------+-------------------------------------------
     0 | D:1      | Megalobster the Deep Elf Conjurer began the quest for the Orb.
     0 | D:1      | Reached XP level 1. HP: 10/10 MP: 6/6
   468 | D:1      | Reached XP level 2. HP: 15/15 MP: 5/8
   472 | D:1      | Learned a level 2 spell: Searing Ray
   750 | D:1      | Reached skill level 5 in Conjurations
  1067 | D:2      | Reached XP level 3. HP: 10/19 MP: 7/10
  1383 | D:2      | Found a shattered altar of Ashenzari.
  1530 | D:2      | Reached XP level 4. HP: 24/24 MP: 6/12
  1777 | D:2      | Found a stormy altar of Qazlal.
  2075 | D:2      | Learned a level 4 spell: Iskenderun's Mystic Blast
  2080 | D:2      | Learned a level 4 spell: Fulminant Prism
  2609 | D:3      | Reached skill level 6 in Conjurations
  2609 | D:3      | Reached skill level 1 in Hexes
  2830 | D:3      | Reached XP level 5. HP: 28/28 MP: 13/13
  3205 | D:3      | Found a glowing silver altar of Zin.
  3668 | D:4      | Noticed a black bear
  3801 | D:4      | Killed a black bear
  3801 | D:4      | Reached skill level 5 in Spellcasting
  3801 | D:4      | Reached XP level 6. HP: 32/32 MP: 15/15
  3807 | D:4      | Learned a level 4 spell: Force Lance
  3850 | D:4      | Found a snail-covered altar of Cheibriados.
  3999 | D:4      | Reached skill level 7 in Conjurations
  4341 | D:4      | Got a faintly humming chain mail
  4736 | D:5      | Entered Level 5 of the Dungeon
  4758 | D:5      | Reached skill level 1 in Fighting
  4758 | D:5      | Reached skill level 1 in Translocations
  4758 | D:5      | Reached XP level 7. HP: 23/38 MP: 17/17
  6404 | D:6      | Reached XP level 8. HP: 44/44 MP: 19/19
  6404 | D:6      | Reached skill level 8 in Conjurations
  6431 | D:6      | Found a staircase to the Ecumenical Temple.
  6440 | Temple   | Entered the Ecumenical Temple
  6622 | Temple   | Became a worshipper of Vehumet
  6671 | D:6      | Found a shattered altar of Ashenzari.
  6981 | D:6      | Found a sparkling altar of Nemelex Xobeh.
  7164 | D:7      | You fall through a shaft for 3 floors!
  7164 | D:10     | Entered Level 10 of the Dungeon
  7304 | D:9      | Reached skill level 5 in Dodging
  7441 | D:9      | Reached skill level 9 in Conjurations
  7604 | D:9      | Reached XP level 9. HP: 49/49 MP: 18/22
  7763 | D:9      | Noticed a troll
  7769 | D:9      | Reached skill level 5 in Stealth
  7774 | D:9      | Killed a troll
  8024 | D:9      | Reached skill level 10 in Conjurations
  8031 | D:9      | Reached skill level 1 in Armour
  8125 | D:9      | Reached XP level 10. HP: 51/56 MP: 14/24
  8759 | D:8      | Reached * piety under Vehumet
  8759 | D:8      | Offered knowledge of Flame Tongue by Vehumet.
  8934 | D:9      | Learned a level 1 spell: Flame Tongue
  9077 | D:8      | Noticed a two-headed ogre
  9082 | D:8      | Killed a two-headed ogre
  9082 | D:8      | Reached skill level 11 in Conjurations
  9082 | D:8      | Reached skill level 1 in Fire Magic
 10053 | D:7      | Reached skill level 10 in Spellcasting
 10067 | D:7      | Identified the +1 chain mail of the Harvest {rElec Int+9 Dex-3 Slay-5 SInv} (You found it on level 4 of the Dungeon)
 10287 | D:7      | Reached ** piety under Vehumet
 10287 | D:7      | Offered knowledge of Throw Flame by Vehumet.
 10756 | D:7      | Noticed Menkaure
 10760 | D:7      | Killed Menkaure
 11516 | D:8      | Reached skill level 5 in Armour
 11708 | D:8      | Reached XP level 11. HP: 60/60 MP: 27/27
 12341 | D:9      | Found a white marble altar of Elyvilon.
 12341 | D:9      | Found an ancient bone altar of Kikubaaqudgha.
 12377 | D:9      | Found a staircase to the Lair.
 12432 | D:9      | Got a bone mace
 12441 | D:9      | Identified the +7 mace of Moblig {protect, rF+ SInv} (You found it on level 9 of the Dungeon)
 12444 | D:9      | Noticed a death yak
 12466 | D:9      | Killed a death yak
 12466 | D:9      | Reached skill level 12 in Conjurations
 12632 | D:9      | Got a shimmering marble ring
 12905 | D:9      | Offered knowledge of Inner Flame by Vehumet.
 12916 | D:9      | Learned a level 5 spell: Fireball
 12984 | D:9      | Identified the cursed ring "Raosexa" {rF+ rC- rN++ EV-3 Dex+4} (You found it on level 9 of the Dungeon)
 12998 | D:9      | Learned a level 6 spell: Bolt of Fire
 13000 | Lair:1   | Entered Level 1 of the Lair of Beasts
 13598 | Lair:1   | Reached *** piety under Vehumet
 13695 | Lair:1   | Noticed a six-headed hydra
 13697 | Lair:1   | Killed a six-headed hydra
 13697 | Lair:1   | Reached skill level 5 in Fire Magic
 13939 | Lair:1   | Noticed Nergalle
 13948 | Lair:1   | Killed Nergalle
 14363 | Lair:2   | Noticed a seven-headed hydra
 14368 | Lair:2   | Killed a seven-headed hydra
 14368 | Lair:2   | Reached skill level 5 in Fighting
 14540 | Lair:2   | Noticed adept's ghost (journeyman GrBe)
 14975 | Lair:2   | Offered knowledge of Throw Icicle by Vehumet.
 14979 | Lair:2   | Learned a level 2 spell: Blink
 15274 | Lair:2   | Reached skill level 13 in Conjurations
 15321 | Lair:2   | Killed adept's ghost
 15321 | Lair:2   | Reached XP level 12. HP: 68/68 MP: 14/29
 15773 | Lair:3   | Found a staircase to the Swamp.
 15938 | Lair:3   | Found a staircase to the Snake Pit.
 16822 | Lair:4   | Reached **** piety under Vehumet
 16959 | Lair:4   | Noticed Sonja
 16985 | Lair:4   | Reached skill level 1 in Shields
 17433 | Lair:4   | Noticed a six-headed hydra
 17438 | Lair:4   | Killed a six-headed hydra
 17571 | Lair:4   | Offered knowledge of Irradiate by Vehumet.
 17634 | Lair:4   | Killed Sonja
 17964 | Lair:4   | Noticed a seven-headed hydra
 17974 | Lair:4   | Killed a seven-headed hydra
 18021 | Lair:4   | Noticed Snorg
 18037 | Lair:4   | Killed Snorg
 18254 | Lair:4   | Reached XP level 13. HP: 75/76 MP: 24/30
 19217 | Lair:4   | Reached skill level 5 in Shields
 20016 | Lair:5   | Got a scorched ring mail
 20031 | Lair:5   | Identified the +1 ring mail of the Stag {+Fly rElec Str-2 Int+9} (You found it on level 5 of the Lair of Beasts)
 20789 | Lair:6   | Entered Level 6 of the Lair of Beasts
 21347 | Lair:6   | Reached ***** piety under Vehumet
 21518 | Lair:6   | Offered knowledge of Airstrike by Vehumet.
 22180 | Lair:6   | Found a staircase to the Slime Pits.
 22417 | Lair:6   | Reached skill level 14 in Conjurations
 23084 | Lair:6   | Reached XP level 14. HP: 82/82 MP: 30/32
 23967 | Lair:6   | Got a fine amber ring
 24223 | Lair:6   | Reached skill level 10 in Fire Magic
 24613 | D:9      | Identified the ring "Maalacka" {rN+ Str+6 Slay+2 SInv} (You found it on level 6 of the Lair of Beasts)
 25372 | D:10     | Got a twisted hunting sling
 25373 | D:10     | Identified the +3 hunting sling of the Wolf {velocity, MR+ Str+5} (You found it on level 10 of the Dungeon)
 25440 | D:10     | Reached skill level 1 in Evocations
 25578 | D:10     | Noticed Urug
 25584 | D:10     | Killed Urug
 26328 | D:11     | Got a polished hand crossbow
 27965 | D:12     | Offered knowledge of Venom Bolt by Vehumet.
 27979 | D:12     | Reached skill level 10 in Shields
 28368 | D:12     | Found a staircase to the Orcish Mines.
 28446 | D:12     | Got a shimmering ring mail
 28478 | D:12     | Identified the cursed +0 ring mail of Ohask {+Blink} (You found it on level 12 of the Dungeon)
 28478 | D:12     | Identified the +3 hand crossbow "Narampinn" {velocity, rPois} (You found it on level 11 of the Dungeon)
 28724 | Orc:1    | Entered Level 1 of the Orcish Mines
 28821 | Orc:1    | Found a roughly hewn altar of Beogh.
 28926 | Orc:2    | Entered Level 2 of the Orcish Mines
 28926 | Orc:2    | Found a burning altar of Makhleb.
 29057 | Orc:2    | Reached skill level 5 in Evocations
 29218 | Orc:2    | Found a frozen archway.
 29241 | IceCv    | Entered an ice cave
 30484 | IceCv    | Got a tattered robe
 30495 | IceCv    | Identified the cursed +1 robe "Rojueh" {rElec Regen+ rCorr} (You found it in an ice cave)
 30777 | IceCv    | Reached XP level 15. HP: 87/87 MP: 18/33
 30946 | IceCv    | Noticed a frost giant
 31144 | IceCv    | Killed a frost giant
 31331 | IceCv    | Identified the Compendium of Earth and Hexes
 31472 | Orc:2    | Reached ****** piety under Vehumet
 31513 | Orc:1    | Found Caiz's Distillery.
 31592 | Orc:1    | Bought a potion of curing for 39 gold pieces
 31592 | Orc:1    | Bought a potion of curing for 39 gold pieces
 31592 | Orc:1    | Bought a potion of heal wounds for 65 gold pieces
 31592 | Orc:1    | Bought a potion of curing for 39 gold pieces
 31592 | Orc:1    | Bought a potion of heal wounds for 65 gold pieces
 31678 | Orc:2    | Reached skill level 15 in Conjurations
 31846 | Orc:1    | Learned a level 1 spell: Sandblast
 32244 | Orc:2    | Offered knowledge of Lightning Bolt by Vehumet.
 32595 | Orc:2    | Found a staircase to the Elven Halls.
 32635 | Orc:2    | Found Siuriety's Antique Armour Shoppe.
 32635 | Orc:2    | Found Todig's Antique Weapon Emporium.
 32636 | Orc:2    | Found Otto Osu's Weapon Boutique.
 32647 | Orc:2    | Found Uneong's Food Emporium.
 32671 | Orc:2    | Bought the +3 warlock's mirror {reflect} for 1600 gold pieces
 32784 | Orc:1    | Reached skill level 1 in Earth Magic
 32944 | Orc:2    | Bought a meat ration for 65 gold pieces
 32944 | Orc:2    | Bought a bread ration for 65 gold pieces
 32944 | Orc:2    | Bought a royal jelly for 26 gold pieces
 32944 | Orc:2    | Bought a royal jelly for 26 gold pieces
 32944 | Orc:2    | Bought a royal jelly for 26 gold pieces
 32944 | Orc:2    | Bought a royal jelly for 26 gold pieces
 32944 | Orc:2    | Bought a royal jelly for 26 gold pieces
 32944 | Orc:2    | Bought a meat ration for 65 gold pieces
 32944 | Orc:2    | Bought a meat ration for 65 gold pieces
 32944 | Orc:2    | Bought 3 fruits for 58 gold pieces
 32944 | Orc:2    | Bought a meat ration for 65 gold pieces
 32944 | Orc:2    | Bought 2 fruits for 39 gold pieces
 33147 | D:9      | Learned a level 1 spell: Summon Butterflies
 35289 | D:14     | Found a runed door.
 35652 | D:14     | Found a gate to the Vaults.
 36281 | Snake:1  | Entered Level 1 of the Snake Pit
 36283 | Snake:1  | Noticed Frances
 36291 | Snake:1  | Killed Frances
 36291 | Snake:1  | Reached XP level 16. HP: 85/93 MP: 20/35
 36303 | Snake:1  | Offered knowledge of Poison Arrow by Vehumet.
 36490 | Snake:1  | Noticed Roxanne
 37889 | Snake:1  | Found Pocil's Assorted Antiques.
 37956 | Snake:1  | Bought a pair of steaming boots for 199 gold pieces
 37966 | Snake:1  | Identified the cursed +0 pair of boots of Ziomoul {Dex+2} (You bought it in a shop on level 1 of the Snake Pit)
 37966 | Snake:1  | Bought a scroll of identify for 42 gold pieces
 37966 | Snake:1  | Bought a thick garnet amulet for 105 gold pieces
 39084 | Snake:2  | Reached skill level 16 in Conjurations
 39578 | Snake:2  | Noticed Vashnia
 39715 | Snake:2  | Killed Vashnia
 39888 | Snake:2  | Reached skill level 10 in Dodging
 40718 | Snake:2  | Offered knowledge of Conjure Ball Lightning by Vehumet.
 41616 | Snake:2  | Reached skill level 5 in Earth Magic
 42218 | Snake:3  | Reached XP level 17. HP: 95/99 MP: 25/37
 42671 | Snake:4  | Entered Level 4 of the Snake Pit
 42671 | Snake:4  | Noticed CalmDownMonkey's ghost (adept MfGl)
 44625 | D:9      | Learned a level 8 spell: Ignition
 44646 | D:9      | Learned a level 3 spell: Conjure Flame
 44776 | Elf:1    | Entered Level 1 of the Elven Halls
 44940 | Orc:2    | Killed from afar by a deep elf knight

Skill      XL: |  1  2  3  4  5  6  7  8  9 10 11 12 13 14 15 16 17 |
---------------+----------------------------------------------------+-----
Conjurations   | 5 6 7 9 10 11 13 14 15 16 | 16.7
Spellcasting   | 4 5 6 7 8 10 11 12 13 14 | 14.5
Hexes          | 1 2 3 4 |  4.4
Fighting       | 1 2 3 5 7 8 9 |  9.1
Translocations | 1 2 3 |  3.1
Dodging        | 3 5 6 7 9 10 | 10.9
Stealth        | 4 5 |  5.2
Armour         | 2 5 |  5.3
Fire Magic     | 3 6 8 9 10 12 13 | 13.7
Shields        | 3 9 10 | 10.2
Evocations     | 5 8 9 |  9.5
Earth Magic    | 3 5 |  5.9

Action                   |  1- 3 |  4- 6 |  7- 9 | 10-12 | 13-15 | 16-18 || total
-------------------------+-------+-------+-------+-------+-------+-------++-------
Melee: Dagger            |     5 |     9 |       |     1 |       |       ||    15
       Mace              |       |       |       |     6 |       |       ||     6
       Staff             |       |       |       |       |     2 |       ||     2
Throw: Stone             |       |       |       |     3 |       |       ||     3
 Cast: Magic Dart        |    64 |    78 |    62 |   102 |       |       ||   306
       Searing Ray       |     2 |    32 |    30 |    48 |       |       ||   112
       Fulminant Prism   |       |     2 |    12 |    29 |    63 |    13 ||   119
       Iskenderun's Myst |       |       |     6 |    75 |   448 |   275 ||   804
       Force Lance       |       |       |     4 |    98 |   125 |    65 ||   292
       Flame Tongue      |       |       |       |   165 |    93 |     3 ||   261
       Fireball          |       |       |       |    14 |    90 |    32 ||   136
       Bolt of Fire      |       |       |       |     7 |    57 |    39 ||   103
       Blink             |       |       |       |       |     6 |     3 ||     9
Evoke: Wand              |       |       |       |       |     3 |       ||     3
       Lamp of fire      |       |       |       |       |     1 |       ||     1
       Phial of floods   |       |       |       |       |     1 |       ||     1
  Use: Scroll            |       |       |       |    19 |    21 |     7 ||    47
       Potion            |       |       |       |       |     2 |       ||     2
  Eat: Chunk             |     2 |    10 |     7 |    21 |    33 |     6 ||    79
       Bread ration      |       |       |     1 |       |     2 |       ||     3
       Fruit             |       |       |       |     7 |     7 |    12 ||    26
       Meat ration       |       |       |       |     1 |     3 |     2 ||     6
       Royal jelly       |       |       |       |     2 |     5 |     3 ||    10
Armor: Robe              |     8 |    11 |     3 |    17 |    23 |    26 ||    88
       Troll leather arm |       |       |       |    21 |       |       ||    21
       Leather armour    |       |       |       |     1 |       |       ||     1
Dodge: Dodged            |    18 |    27 |    23 |   106 |    65 |    70 ||   309
Block: Shield            |       |       |       |    13 |    45 |       ||    58
       Buckler           |       |       |       |       |     4 |    58 ||    62
       Reflection        |       |       |       |       |     1 |    24 ||    25
